 Dungeon Crawl Stone Soup version 0.30-a0-140-gd1020e658a (webtiles) character file.

Game seed: 3433288827292414591

114860 Flugkiller the Warrior (level 16, -31/110 HPs)
             Began as a Gargoyle Cinder Acolyte on Sept 24, 2022.
             Was a Believer of Uskayaw.
             Killed from afar by Nikola (82 damage)
             ... with an arc of chain lightning
             ... on level 1 of the Swamp.
             The game lasted 00:34:16 (32606 turns).

Flugkiller the Warrior (Gargoyle Cinder Acolyte)   Turns: 32606, Time: 00:34:17

Health: -31/110    AC: 44    Str: 26    XL:     16   Next: 67%
Magic:  16/24      EV: 10    Int: 18    God:    Uskayaw [**....]
Gold:   2610       SH: 11    Dex:  8    Spells: 15/17 levels left

rFire   + + +      SeeInvis .    Z - +3 broad axe (flame)
rCold   + + .      Faith    +    H - +1 kite shield {rC+ rF+}
rNeg    + . .      Spirit   .    W - +8 plate armour of the Ant {rF+ Stlth+}
rPois   ∞          Reflect  .    N - +2 hat {Int+3}
rElec   +          Harm     .    a - scarf {rC+ rF+}
rCorr   +          Rampage  +    L - +2 pair of gloves {Dex+3}
Will    +....                    e - +2 pair of boots {rampage}
Stlth   ..........               E - amulet of faith
HPRegen 0.28/turn                v - +4 ring of evasion
MPRegen 0.19/turn                U - ring of resist corrosion

@: flying, studying Invocations
A: sickness immunity, AC +12, big wings, negative energy resistance 1,
electricity resistance, torment resistance 1, petrification resistance
a: Renounce Religion, Stomp, Line Pass


You were on level 1 of the Swamp.
You worshipped Uskayaw.
Uskayaw was aware of your devotion.
You visited 5 branches of the dungeon, and saw 24 of its levels.

You collected 2710 gold pieces.
You spent 100 gold pieces at shops.

Inventory:

Hand Weapons
 Z - a +3 broad axe of flaming (weapon)
   (You took it off a meliai on level 14 of the Dungeon)
Missiles
 u - 4 curare-tipped darts
 Q - 2 throwing nets
Armour
 a - a scarf of resistance (worn)
   (You found it on level 5 of the Lair of Beasts)
 e - a +2 pair of boots of rampaging (worn)
   (You found it on level 13 of the Dungeon)
 H - a +1 kite shield of resistance (worn)
   (You took it off a tengu warrior on level 14 of the Dungeon)
 L - a +2 pair of gloves of dexterity (worn)
   (You acquired it on level 2 of the Lair of Beasts)
 N - a +2 hat of intelligence (worn)
   (You took it off Gastronok on level 2 of the Lair of Beasts)
 W - the +8 plate armour of the Ant (worn) {rF+ Stlth+}
   (You found it on level 4 of the Lair of Beasts)

   rF:        It protects you from fire.
   Stlth:     It makes you more stealthy.
Jewellery
 i - a ring of see invisible
   (You found it on level 5 of the Lair of Beasts)
 v - a +4 ring of evasion (left hand)
   (You found it on level 1 of the Swamp)
 E - an amulet of faith (around neck)
   (You found it on level 7 of the Dungeon)
 U - a ring of resist corrosion (right hand)
   (You found it on level 4 of the Lair of Beasts)
Wands
 m - a wand of mindburst (43)
   (You took it off Ijyb on level 4 of the Dungeon)
 s - a wand of paralysis (10)
   (You found it on level 3 of the Dungeon)
 x - a wand of flame (34)
   (You took it off Blork the orc on level 5 of the Dungeon)
 A - a wand of polymorph (22)
   (You found it on level 7 of the Dungeon)
 J - a wand of acid (7)
   (You found it on level 1 of the Lair of Beasts)
 T - a wand of digging (5)
   (You found it on level 15 of the Dungeon)
Scrolls
 b - 4 scrolls of silence
 j - a scroll of magic mapping
 k - 4 scrolls of immolation
 l - 4 scrolls of fear
 r - a scroll of identify
 t - 9 scrolls of teleportation
 y - a scroll of brand weapon
 z - 2 scrolls of blinking
 D - 6 scrolls of fog
 F - 2 scrolls of poison
 S - a scroll of vulnerability
 V - 4 scrolls of torment
Potions
 c - 5 potions of brilliance
 d - 6 potions of might
 g - 2 potions of flight
 h - 3 potions of haste
 n - 4 potions of resistance
 o - a potion of magic
 p - 2 potions of mutation
 q - 13 potions of curing
 w - 4 potions of heal wounds
 C - 2 potions of invisibility
 G - 5 potions of attraction
 K - 3 potions of cancellation
 M - a potion of lignification
 X - a potion of ambrosia {unknown}
Miscellaneous
 O - a tin of tremorstones (inert)
   (You found it on level 2 of the Lair of Beasts)
 R - a box of beasts
   (You found it on level 1 of the Lair of Beasts)


   Skills:
 - Level 16.0 Fighting
 - Level 15.9(16.0) Axes
 - Level 2.4(10.6) Polearms
 - Level 11.0 Armour
 * Level 9.9 Shields
 - Level 1.0 Spellcasting
 - Level 3.0 Fire Magic
 + Level 10.9 Invocations
 - Level 10.0 Evocations


You had 15 spell levels left.
You knew the following spells:

 Your Spells              Type           Power      Damage    Failure   Level
a - Scorch                Fire           22%        2d6       86%         2

Your spell library contained the following spells:

 Spells                   Type           Power      Damage    Failure   Level
 Shock                    Conj/Air       0%         1d3       98%         1
 Sting                    Tmut/Pois      0%         1d3       98%         1
 Blink                    Tloc           0%         N/A       99%         2
 Ensorcelled Hibernation  Hex/Ice        0%         N/A       99%         2
 Passwall                 Tmut/Erth      0%         N/A       99%         2
 Wereblood                Tmut           0%         N/A       99%         2
 Inner Flame              Hex/Fire       6%         N/A       99%         3
 Frozen Ramparts          Ice            0%         1d1       100%        3
 Gell's Gravitas          Tloc           0%         N/A       100%        3
 Ignite Poison            Fire/Tmut/Pois 4%         N/A       100%        3
 Lesser Beckoning         Tloc           0%         N/A       100%        3
 Ozocubu's Armour         Ice            0%         N/A       100%        3
 Portal Projectile        Hex/Tloc       0%         N/A       100%        3
 Spider Form              Tmut/Pois      0%         N/A       100%        3
 Swiftness                Air            0%         N/A       100%        3
 Teleport Other           Tloc           0%         N/A       100%        3
 Airstrike                Air            0%         2d(0-16)  100%        4
 Anguish                  Hex/Necr       0%         N/A       100%        4
 Animate Dead             Necr           0%         N/A       100%        4
 Cause Fear               Hex            0%         N/A       100%        4
 Ice Form                 Ice/Tmut       0%         N/A       100%        4
 Leda's Liquefaction      Hex/Erth       0%         N/A       100%        4
 Manifold Assault         Tloc           0%         N/A       100%        4
 Petrify                  Tmut/Erth      0%         N/A       100%        4
 Summon Ice Beast         Ice/Summ       0%         N/A       100%        4
 Summon Lightning Spire   Summ/Air       0%         N/A       100%        4
 Alistair's Intoxication  Tmut/Pois      0%         N/A       100%        5
 Borgnjor's Vile Clutch   Necr/Erth      0%         N/A       100%        5
 Irradiate                Conj/Tmut      0%         3d11      100%        5
 Lee's Rapid Deconstruct  Erth           0%         3d5*      100%        5
 Summon Forest            Summ/Tloc      0%         N/A       100%        5
 Death Channel            Necr           0%         N/A       100%        6
 Eringya's Noxious Bog    Tmut/Pois      0%         N/A       100%        6
 Ozocubu's Refrigeration  Ice            0%         4d7       100%        7
 Storm Form               Tmut/Air       0%         N/A       100%        7
 Summon Hydra             Summ           0%         N/A       100%        7
 Discord                  Hex            0%         N/A       100%        8
 Maxwell's Capacitive Co  Air            0%         ∞         100%        8
 Sublimation of Blood     Necr           Unusable   N/A       N/A         2
 Statue Form              Tmut/Erth      Unusable   N/A       N/A         6

Dungeon Overview and Level Annotations

Branches:
Dungeon (15/15) Zot: 24842  Temple (1/1) D:4 Zot: 5889    Lair (5/5) D:10 Zot: 20385
  Swamp (1/4) Lair:3 Zot: 5134   Snake (0/4) Lair:2        Slime (0/5) Lair:5
    Orc (2/2) D:12 Zot: 10085     Elf (0/3) Orc:2        Vaults (0/5) D:13
 Depths (0/4) D:15

Altars:
Ashenzari
Cheibriados
Dithmenos
Elyvilon
Fedhas
Gozag
Hepliaklqana
Kikubaaqudgha
Makhleb
Nemelex Xobeh
Okawaru
Qazlal
Ru
Sif Muna
Trog
Uskayaw
Vehumet
Wu Jian
Xom
Yredelemnul
Zin
The Shining One
Jiyva

Shops:
D:3 =   D:4 ([   D:9 *   Orc:1 =   Orc:2 ([=*

Annotations:
D:4 exclusion: door
D:9 4 runed translucent doors
Lair:2 1 runed translucent door, Quaruhoi's ghost, journeyman TrGl
Lair:3 3 runed translucent doors, Ririga's ghost, journeyman TrHW
Swamp:1 Nikola


Innate Abilities, Weirdness & Mutations

You are immune to sickness and miasma.
Your stone body is resilient. (AC +12)
You are immune to poison.
Your large and strong wings let you fly.
You resist negative energy. (rN+)
You are resistant to electric shocks. (rElec)
You are resistant to unholy torment.
You are immune to petrification.


Message History

Your +2 broad axe of flaming glows red for a moment.
You're wearing all the rings you can.
Remove which one? (? for menu, Esc to cancel) < or
U - a ring of resist corrosion; > or
i - a ring of see invisible You remove your ring of resist corrosion.
v - a +4 ring of evasion (left hand)
You start resting.
HP restored.
You're wearing all the rings you can.
Remove which one? (? for menu, Esc to cancel) < or
v - a +4 ring of evasion; > or
i - a ring of see invisible You remove your ring of see invisible.
U - a ring of resist corrosion (right hand)
Found a broad axe.
c - 5 potions of brilliance (gained 1)
You see here a +0 broad axe.
A - a wand of polymorph (22) (gained 1 charge) Nikola the Mad Inventor comes into view.
He is wielding a +2 rapier of electrocution and wearing a +0 cloak of stealth.
Nikola shouts!
Nikola mumbles some strange words.
Nikola blinks!
Nikola is nearby!
Nikola is nearby!
You rampage towards Nikola!
You slice Nikola!! You burn Nikola.
Nikola is lightly wounded.
You closely miss Nikola.
Nikola is lightly wounded.
Nikola casts a spell at you. The bolt of lightning misses you.
The mangrove smoulders and burns.
You closely miss Nikola.
Nikola is lightly wounded.
Nikola hits you but does no damage.
You hit Nikola. You burn Nikola.
Nikola is moderately wounded.
You block Nikola's attack.
You can now pass through a line of other dancers.
You hit Nikola. You burn Nikola.
Nikola is moderately wounded.
You block Nikola's attack.
You hit Nikola. You burn Nikola.
Nikola is moderately wounded.
Nikola barely misses you.
You slice Nikola!! You burn Nikola.
Nikola is moderately wounded.
Nikola hits you but does no damage.
You hit Nikola. You burn Nikola.
Nikola is moderately wounded.
Nikola hits you but does no damage.
Uskayaw will force your foes to helplessly watch your dance.
Uskayaw prepares the audience for your solo!
The helpless Nikola fails to defend himself.
You slice Nikola!! You burn Nikola.
Nikola is heavily wounded.
The helpless Nikola fails to defend himself.
You slash Nikola! You burn Nikola.
Nikola is severely wounded.
Nikola is no longer paralysed.
Nikola hits you but does no damage.
You slice Nikola!! You burn Nikola.
Nikola is severely wounded.
Nikola hits you but does no damage.
Uskayaw will force your foes to share their pain.
You completely miss Nikola.
Nikola is severely wounded.
Nikola hits you but does no damage.
You slash Nikola! You burn Nikola.
Nikola is almost dead.
Nikola casts a spell at you. The bolt of lightning hits you! You resist.
The mangrove smoulders and burns.
You hit Nikola but do no damage.
Nikola is almost dead.
You block Nikola's attack.
You stomp with the beat, sending a shockwave through the revellers around you!
Nikola is almost dead.
Nikola gestures at you while chanting. The bolt of lightning hits you!
You resist.
You stomp with the beat, sending a shockwave through the revellers around you!
Nikola is almost dead.
Nikola hits you but does no damage.
You completely miss Nikola.
Nikola is almost dead.
You hit Nikola but do no damage.
Nikola is almost dead.
Nikola mumbles some strange words.
Lightning arcs from Nikola's hands!
The bolt of lightning hits you!! You resist.
A bolt of lightning appears from out of thin air!
The bolt of lightning hits Nikola.
You hear a shout! x4
You barely miss Nikola.
Nikola is almost dead.
Nikola gestures at you while chanting. The bolt of lightning hits you.
You resist.
You stomp with the beat, sending a shockwave through the revellers around you!
Nikola is almost dead.
Nikola gestures wildly while chanting.
Lightning arcs from Nikola's hands!
The bolt of lightning hits you!!!! You resist.
Ouch! That really hurt!
You die...

~~.~.~~~>.~~...♣~........
.~.............~.~~~...~♣
~~~...~.....~~~~~~~~~~~..
~~~~......~~~~~~~~~~~§§~.
♣♣...~♣~....~§§~§~..~@~~.
♣~.......~~.....~~♣
♣...~~~~~.♣♣....~♣♣♣
.~§~~~~~~~~...~.@♣
.~~~~~§......§..@♣
.~.♣♣♣♣~~..~~.)..♣
~...~.....~~~~~..♣
....♣..♣~.~~~.♣♣.♣
~..~~~♣♣.....~♣♣~♣
♣♣♣..♣~....~~~♣♣○♣
~~~~~~~~~~........
~~~~~~~~~..~~~~~~.
~~~.~~~~....~~~..


You could see Nikola.

Vanquished Creatures
  Gastronok (Lair:2)
  Donald (Swamp:1)
  Agnes (D:15)
  Kirke (D:12)
  The ghost of Vuzen the Grappler, a journeyman DrTm of Cheibriados (D:15)
  An orc warlord (Orc:2)
  A bunyip (Swamp:1)
  A minotaur (D:15)
  An ettin (Orc:1)
  Harold (Lair:2)
  Josephine (Orc:2)
  7 hydras
  A merfolk avatar (Lair:5)
  5 boulder beetles
  4 centaur warriors
  2 two-headed ogres
  2 alligators (Swamp:1)
  2 catoblepae
  3 tengu warriors
  5 death yaks
  An orc high priest (Orc:2)
  Nergalle (D:12)
  7 skeletal warriors
  A goliath frog (Swamp:1)
  A swamp dragon (Swamp:1)
  A sea snake (Lair:5)
  A spriggan druid (Swamp:1)
  5 wizards
  3 bog bodies
  5 lindwurms
  An oklob plant (Lair:1)
  3 deep elf pyromancers
  4 orc knights
  3 harpies
  24 ugly things
  A necromancer (D:15)
  A salamander (shapeshifter) (D:14)
  5 orc sorcerers
  A moth of wrath (Lair:5)
  A wolf spider (D:15)
  6 cyclopes
  4 manticores
  22 elephants
  4 black mambas (Lair:3)
  A centaur zombie (D:15)
  A gargoyle (D:12)
  18 cane toads
  2 centaur skeletons (D:15)
  2 rime drakes
  A kobold demonologist (D:9)
  12 komodo dragons
  A wind drake (Lair:5)
  3 meliai (D:14)
  9 trolls
  A hornet (D:10)
  4 polar bears
  10 slime creatures
  2 tyrant leeches (Swamp:1)
  8 dream sheep
  23 blink frogs
  3 snapping turtles (Lair:5)
  A centaur simulacrum (D:15)
  2 shadows
  A yak (shapeshifter) (D:13)
  31 yaks
  5 wraiths
  A vampire (D:11)
  6 wyverns
  A human (shapeshifter) (D:15)
  A basilisk (Lair:2)
  4 vampire mosquitoes
  2 hogs (D:12)
  20 fire elementals
  4 steam dragons
  6 swamp worms (Swamp:1)
  7 nagas (Lair:2)
  13 water moccasins
  An acid dragon (D:11)
  4 wargs
  Duvessa (D:5)
  31 orc warriors
  3 black bears
  4 ice beasts (D:8)
  6 ogres
  2 sky beasts
  13 wolves
  8 centaurs
  A phantom (D:5)
  7 kobold brigands
  Blork the orc (D:5)
  14 bullfrogs
  A necrophage (D:4)
  3 scorpions
  8 wights
  Dowan (D:5)
  10 killer bees
  3 electric eels
  4 howler monkeys
  A wyvern simulacrum (D:8)
  3 hounds
  A gnoll bouda (D:8)
  15 orc priests
  An iguana (D:5)
  An iron imp (D:6)
  Ijyb (D:4)
  28 orc wizards
  A hell rat (Lair:3)
  A killer bee simulacrum (D:8)
  6 gnolls
  7 adders
  A shadow imp (D:7)
  7 white imps
  2 ufetubi
  2 dart slugs (D:4)
  61 orcs
  6 ball pythons
  9 endoplasms
  3 giant cockroaches
  15 hobgoblins
  6 jackals
  6 quokkas
  11 bats
  5 frilled lizards
  4 goblins
  23 kobolds
  4 rats
711 creatures vanquished.

Vanquished Creatures (others)
  A bloated husk (Swamp:1)
  A swamp worm (Swamp:1)
  15 foxfires
  24 fungi
  57 plants
98 creatures vanquished.

Grand Total: 809 creatures vanquished

Notes
Turn   | Place    | Note
-------+----------+-------------------------------------------
     0 | D:1      | Flugkiller the Gargoyle Cinder Acolyte began the quest for
                  | the Orb.
     0 | D:1      | Reached XP level 1. HP: 14/14 MP: 2/2
   268 | D:1      | Reached XP level 2. HP: 15/19 MP: 3/3
   790 | D:1      | Reached XP level 3. HP: 8/24 MP: 4/4
   985 | D:1      | Learned a level 2 spell: Scorch
  1017 | D:1      | Reached skill level 4 in Fighting
  1549 | D:2      | Reached XP level 4. HP: 30/30 MP: 5/5
  2617 | D:3      | Reached skill level 5 in Fighting
  2617 | D:3      | Reached XP level 5. HP: 18/35 MP: 6/6
  3029 | D:3      | Found Uwufia's Jewellery Boutique.
  3429 | D:3      | Reached skill level 1 in Polearms
  3429 | D:3      | Reached XP level 6. HP: 21/40 MP: 7/7
  3639 | D:3      | Identified the +1 leather armour "Qutophi" {Will+ Dex+4}
  3787 | D:3      | Found a glowing silver altar of Zin.
  3825 | D:4      | Noticed Ijyb
  3849 | D:4      | Killed Ijyb
  4097 | D:4      | Reached skill level 1 in Evocations
  4305 | D:4      | Found Hetol's Weapon Shoppe.
  4325 | D:4      | Found Balunt's Antique Armour Shoppe.
  4462 | D:4      | Found a radiant altar of Vehumet.
  4555 | D:4      | Found a shimmering blue altar of Sif Muna.
  4617 | D:4      | Found a staircase to the Ecumenical Temple.
  4670 | D:3      | Reached XP level 7. HP: 45/45 MP: 8/8
  5201 | D:5      | Entered Level 5 of the Dungeon
  5393 | D:5      | Noticed Blork the orc
  5398 | D:5      | Killed Blork the orc
  5399 | D:5      | Reached skill level 5 in Evocations
  5512 | D:5      | Reached skill level 1 in Armour
  5679 | D:5      | Identified the +0 leather armour of Lobyw {Harm rF+ Str-5
                  | Slay+2}
  5771 | D:5      | Reached XP level 8. HP: 40/51 MP: 9/9
  5857 | D:5      | Found a glowing golden altar of the Shining One.
  6340 | D:5      | Reached skill level 5 in Axes
  6499 | D:5      | Noticed Duvessa
  6499 | D:5      | Noticed Dowan
  6506 | D:5      | Killed Duvessa
  6515 | D:5      | Killed Dowan
  7323 | D:6      | Reached skill level 5 in Armour
  7323 | D:6      | Reached skill level 6 in Fighting
  7721 | D:6      | Reached XP level 9. HP: 55/55 MP: 10/10
  7733 | D:6      | Found a snail-covered altar of Cheibriados.
  7785 | D:6      | Found a basalt altar of Yredelemnul.
  8245 | D:7      | Reached skill level 7 in Fighting
  8499 | D:7      | Found an iron altar of Okawaru.
  8500 | D:7      | Found a sacrificial altar of Ru.
  8500 | D:7      | Found an opulent altar of Gozag.
  8518 | D:7      | Found an ancient bone altar of Kikubaaqudgha.
  8686 | D:7      | Found a shadowy altar of Dithmenos.
  9008 | D:7      | Found a burning altar of Makhleb.
  9232 | D:8      | Noticed a manticore
  9237 | D:8      | Noticed a komodo dragon
  9240 | D:8      | Killed a manticore
  9241 | D:8      | Reached skill level 8 in Fighting
  9246 | D:8      | Killed a komodo dragon
  9248 | D:8      | Noticed a troll
  9253 | D:8      | Killed a troll
  9254 | D:8      | Reached XP level 10. HP: 47/65 MP: 11/11
  9790 | D:8      | Noticed a death yak
  9815 | D:8      | Reached skill level 9 in Fighting
 10285 | D:8      | Found a bloodstained altar of Trog.
 10650 | D:9      | Found a huge runed translucent gate.
 10650 | D:9      | Found a huge runed translucent gate.
 10650 | D:9      | Found a huge runed translucent gate.
 10650 | D:9      | Found a huge runed translucent gate.
 10651 | D:9      | Noticed a manticore
 10688 | D:9      | Found a hazy altar of Hepliaklqana.
 10704 | D:9      | Noticed a two-headed ogre
 10728 | D:9      | Killed a two-headed ogre
 10773 | D:9      | Found a broken altar of Ashenzari.
 10873 | D:9      | Reached XP level 11. HP: 28/72 MP: 12/12
 11121 | D:9      | Noticed a sixfirhy
 11707 | D:9      | Reached skill level 10 in Fighting
 11745 | D:9      | Found Rulasif's Elemental Accessories.
 11972 | D:10     | Entered Level 10 of the Dungeon
 11998 | D:10     | Found a sparkling altar of Nemelex Xobeh.
 12413 | D:10     | Reached skill level 10 in Axes
 12657 | D:10     | Found a staircase to the Lair.
 13200 | D:11     | Noticed a deep elf pyromancer
 13225 | D:11     | Killed a deep elf pyromancer
 13349 | D:11     | Found an ancient bone altar of Kikubaaqudgha.
 13381 | D:11     | Noticed a cyclops
 13400 | D:11     | Killed a cyclops
 13621 | D:11     | Noticed a cyclops
 13663 | D:11     | Killed a cyclops
 14008 | Lair:1   | Entered Level 1 of the Lair of Beasts
 14208 | Lair:1   | Reached XP level 12. HP: 77/77 MP: 13/13
 15262 | Lair:2   | Found a runed translucent door.
 15262 | Lair:2   | Noticed Quaruhoi's ghost (journeyman TrGl)
 15262 | Lair:2   | Found the +11 plutonium sword {Contam Stlth-}
 15571 | Lair:2   | Found a staircase to the Snake Pit.
 15832 | Lair:2   | Noticed Harold
 15846 | Lair:2   | Killed Harold
 15907 | Lair:2   | Reached skill level 11 in Fighting
 16004 | Lair:2   | Identified a scroll of acquirement
 16004 | Lair:2   | Acquired a +2 pair of gloves of dexterity
 16212 | Lair:3   | Noticed a five-headed hydra
 16219 | Lair:3   | Killed a ten-headed hydra
 16479 | Lair:3   | Noticed a seven-headed hydra
 16533 | Lair:3   | Noticed Gastronok
 16556 | Lair:2   | Killed Gastronok
 16557 | Lair:2   | Reached skill level 10 in Armour
 16779 | Lair:3   | Reached XP level 13. HP: 85/85 MP: 14/14
 16853 | Lair:3   | Found a runed translucent gate.
 16853 | Lair:3   | Found a runed translucent gate.
 16853 | Lair:3   | Found a runed translucent gate.
 16910 | Lair:3   | Reached skill level 12 in Fighting
 17039 | Lair:3   | Found a staircase to the Swamp.
 17511 | Lair:3   | Noticed Ririga's ghost (journeyman TrHW)
 18215 | Lair:3   | Reached skill level 10 in Evocations
 18327 | Lair:3   | Reached skill level 13 in Fighting
 19027 | Lair:3   | Reached skill level 14 in Fighting
 20310 | Lair:4   | Gained mutation: Your large and strong wings let you fly.
                  | [Gargoyle growth]
 20310 | Lair:4   | Reached XP level 14. HP: 96/96 MP: 15/15
 20508 | Lair:4   | Identified the +8 plate armour of the Ant {rF+ Stlth+}
 20919 | Lair:5   | Entered Level 5 of the Lair of Beasts
 21467 | Lair:5   | Noticed Nessos
 21470 | Lair:5   | Nessos changed into Nessos the moth of wrath
 21470 | Lair:5   | Noticed Nessos
 21478 | Lair:5   | Killed Nessos the moth of wrath
 21948 | Lair:5   | Reached skill level 15 in Axes
 22393 | Lair:5   | Found a viscous altar of Jiyva.
 22394 | Lair:5   | Found a staircase to the Slime Pits.
 22791 | Lair:5   | Identified the +8 hand axe "Uduhuuv" {pain, rF+ rN+ SInv}
 22793 | Lair:5   | Identified the +4 trident of the Shoals {freeze, Will+
                  | Int+3 Stlth-}
 23312 | Temple   | Entered the Ecumenical Temple
 23409 | Temple   | Fell from the grace of Ignis
 23409 | Temple   | Became a worshipper of Uskayaw the Reveller
 23593 | D:12     | Found a staircase to the Orcish Mines.
 23690 | D:12     | Reached * piety under Uskayaw
 23734 | D:12     | Reached ** piety under Uskayaw
 23745 | D:12     | Reached *** piety under Uskayaw
 23984 | D:12     | Reached **** piety under Uskayaw
 23989 | D:12     | Reached skill level 1 in Invocations
 23990 | D:12     | Reached ***** piety under Uskayaw
 24039 | D:12     | Noticed Nergalle
 24048 | D:12     | Killed Nergalle
 24235 | D:12     | Reached XP level 15. HP: 100/100 MP: 16/16
 24303 | D:12     | Noticed Kirke
 24311 | D:12     | Killed Kirke
 24835 | D:13     | Found a gate to the Vaults.
 25117 | D:13     | Reached skill level 5 in Invocations
 25416 | D:13     | Identified the +5 robe of Locujale {rElec Int+5}
 25490 | D:13     | Reached skill level 15 in Fighting
 26082 | D:13     | Found a transporter.
 26083 | D:13     | Found a transporter.
 26953 | D:14     | Got the Cyclopedia of the Raven
 27142 | D:14     | Reached ****** piety under Uskayaw
 27596 | D:15     | Entered Level 15 of the Dungeon
 27660 | D:15     | Reached skill level 16 in Fighting
 27779 | D:15     | Reached skill level 1 in Shields
 27936 | D:15     | Found a runed translucent gate.
 27936 | D:15     | Found a runed translucent gate.
 27936 | D:15     | Found a runed translucent gate.
 27940 | D:15     | Noticed Vuzen's ghost (journeyman DrTm)
 28038 | D:15     | Noticed Agnes
 28057 | D:15     | Killed Agnes
 28513 | D:15     | Reached XP level 16. HP: 102/110 MP: 22/22
 28520 | D:15     | Reached skill level 5 in Shields
 28543 | D:15     | Found a staircase to the Depths.
 29006 | D:15     | Killed Vuzen's ghost
 29319 | Orc:1    | Entered Level 1 of the Orcish Mines
 29510 | D:12     | Was forgiven by Ignis
 29685 | Orc:1    | Found Vaxkid's Jewellery Shop.
 30217 | Orc:2    | Entered Level 2 of the Orcish Mines
 30217 | Orc:2    | Found a staircase to the Elven Halls.
 30480 | Orc:2    | Reached skill level 10 in Invocations
 30741 | Orc:2    | Found Tudaum's Antique Armour Shop.
 30856 | Orc:2    | Found Xuner's General Store.
 30885 | Orc:2    | Bought a potion of haste for 100 gold pieces
 30893 | Orc:2    | Found Caican's Antique Weapon Shop.
 31000 | Orc:2    | Noticed Josephine
 31012 | Orc:2    | Killed Josephine
 31357 | Orc:2    | Found Icahyps's Jewellery Shop.
 31641 | Swamp:1  | Entered Level 1 of the Swamp
 31904 | Swamp:1  | Noticed Donald
 31913 | Swamp:1  | Killed Donald
 32576 | Swamp:1  | Noticed Nikola
 32606 | Swamp:1  | Killed from afar by Nikola

Illustrated notes

Levels and vault maps discovered:
D:1:      scummos_arrival_simple_crosswalls, layout_basic
D:2:      layout_basic, minmay_circle_x
D:3:      layout_basic, zin_scriptorium, serial_shops, shop_statue
D:4:      layout_cave_pools, led_sif_book, mainiacjoe_overflow_24_doors,
          minmay_temple_entry_mist, serial_shops,
          nicolae_shop_bloodbath_and_beyond, shop, uniq_ijyb
D:5:      layout_basic, tso_oasis_becter, uniq_blork_the_orc, uniq_duvessa
D:6:      layout_loops_ring, slow_altar_2, mainiacjoe_overflow_brackets,
          chequers_serial_rivers_large_a, minmay_misc_feat_tower
D:7:      layout_basic, nicolae_dithmenos_through_a_glass_darkly,
          lemuel_crystal_altar, gammafunk_temple_overflow_claw,
          makhleb_grotto_becter
D:8:      cheibrodos_elevator_heist, layout_loops_cross, lemuel_doored_altar,
          serial_ice, serial_ice_j, serial_ice_h, serial_ice_g, serial_ice_c
D:9:      lemuel_bear_cage, layout_loops_corners, evilmike_ruin_ashenzari,
          nicolae_hepliaklqana_hazy_memory, hangedman_decor_opposing,
          nicolae_elemental_shop
D:10:     layout_basic, overflow_temple_1_default, david_lair_generic,
          minmay_misc_feat_square
D:11:     layout_gridville, kiku_gazebo_pond_becter
D:12:     layout_basic, minmay_orc_entry_temple_small, uniq_nergalle, uniq_kirke
D:13:     gammafunk_boulding_lane, layout_stronghold, david_vaults_1,
          serial_rivers, chequers_serial_rivers_micro_b,
          chequers_serial_rivers_micro_b, chequers_serial_rivers_micro_c,
          chequers_serial_rivers_room_b, chequers_serial_rivers_small_b,
          chequers_serial_rivers_marsh
D:14:     layout_basic, drop_trap
D:15:     grunt_enter_depths_magical_seal, layout_basic,
          maelrawn_ghost_gauntlet_escape, minmay_fractal_squares_gapless_5,
          uniq_agnes
Temple:   nicolae_temple_superstar
Lair:1:   layout_hall_layers, serial_bayou_pond_c, serial_bayou_shore_b
Lair:2:   layout_misc_corridors, minmay_snake_entry_guardpost_large,
          gammafunk_ghost_grave, lemuel_fruit_tree, uniq_harold
Lair:3:   nzn_winding_woodlands_huge [nzn_winding_woodlands_5x15_sidewinder,
          nzn_winding_woodlands_5x15_sawtooth,
          nzn_winding_woodlands_5x15_split_checker,
          nzn_winding_woodlands_5x15_pathside_ponds,
          nzn_winding_woodlands_5x15_jagged, nzn_winding_woodlands_5x15_cabin,
          nzn_winding_woodlands_5x15_pockets, nzn_winding_woodlands_5x15_pool,
          nzn_winding_woodlands_5x15_river_crossing,
          nzn_winding_woodlands_5x15_eye, nzn_winding_woodlands_center_garden,
          nzn_winding_woodlands_center_diamonds,
          nzn_winding_woodlands_15x15_killbox], layout_layer_cave,
          skrybe_swamp_entry_bodies, gammafunk_ghost_icy,
          infiniplex_staircase_pool_2, uniq_gastronok
Lair:4:   layout_hall_layers, minmay_lindwurm_lava
Lair:5:   gammafunk_lair_ancient_temple, layout_cave_pods, slime_entry_1,
          grunt_megastairs_1, serial_bayou_shore_b, uniq_nessos
Swamp:1:  layout_basic_swamp, evilmike_swamp_ruin_house_3, uniq_donald,
          uniq_nikola
Orc:1:    nicolae_orc_accident_2, layout_caves, serial_shops,
          nicolae_shop_competitors_out_of_business, basic_altar
Orc:2:    grunt_orc_cross, layout_caves, basic_altar, uniq_josephine

Skill      XL: |  1  2  3  4  5  6  7  8  9 10 11 12 13 14 15 16 |
---------------+-------------------------------------------------+-----
Axes           | 3 4 5 6 8 11 12 13 15 | 15.9
Fighting       | 4 5 6 8 9 10 11 14 16 | 16.0
Polearms       | 1 2 |  2.4
Evocations     | 3 5 7 8 10 | 10.0
Armour         | 1 5 7 8 10 11 | 11.0
Invocations    | 2 8 10 | 10.9
Shields        | 4 9 |  9.9
Spellcasting   | |  1.0
Fire Magic     | |  3.0

Action                   |  1- 3 |  4- 6 |  7- 9 | 10-12 | 13-15 | 16-18 || total
-------------------------+-------+-------+-------+-------+-------+-------++-------
Melee: Hand axe          |    70 |    50 |       |       |       |       ||   120
       Punch             |     1 |     2 |     1 |     5 |       |       ||     9
       Whip              |    11 |    25 |       |       |       |       ||    36
       Quarterstaff      |       |    19 |       |       |       |       ||    19
       Trident           |       |   116 |    71 |       |       |       ||   187
       War axe           |       |       |   205 |   655 |   877 |       ||  1737
       Broad axe         |       |       |       |       |   148 |   398 ||   546
 Fire: Sling             |    54 |     9 |       |       |       |       ||    63
 Cast: Scorch            |     8 |     1 |       |       |       |       ||     9
Invok: Fiery Armour      |       |     2 |     1 |     1 |     1 |       ||     5
       Foxfire Swarm     |       |     1 |       |     1 |       |       ||     2
       Stomp             |       |       |       |       |       |     3 ||     3
       Grand Finale      |       |       |       |       |       |     1 ||     1
Evoke: Wand              |       |     1 |     8 |     1 |    10 |     2 ||    22
       Tin of tremorston |       |       |       |     1 |     5 |     3 ||     9
       Box of beasts     |       |       |       |       |     2 |       ||     2
  Use: Scroll            |       |     5 |     2 |    11 |    12 |     7 ||    37
       Potion            |       |     2 |       |     1 |       |     1 ||     4
 Stab: Paralysed         |       |     7 |       |     4 |    43 |    63 ||   117
Armor: Robe              |    65 |    95 |       |       |       |       ||   160
       Leather armour    |       |    10 |    58 |       |       |       ||    68
       Scale mail        |       |       |   118 |   431 |   213 |       ||   762
       Plate armour      |       |       |       |       |   585 |   270 ||   855
Dodge: Dodged            |    84 |   175 |   147 |   345 |   292 |    78 ||  1121
Block: Kite shield       |       |       |       |       |       |    59 ||    59

Table legend: (Time is in decaauts)
 A = Elapsed time spent in this place.
 B = Non-inter-level travel time spent in this place.
 C = Inter-level travel time spent in this place.
 D = Time resting spent in this place.
 E = Time spent auto-exploring this place.
 F = Levels seen in this place.
 G = Mean time per level.
                   A        B        C        D        E       F      G
               +--------+--------+--------+--------+--------+-----+--------+
         Total |  33630 |  31957 |   1673 |  12378 |  13754 |  24 | 1401.2 |
       Dungeon |  21126 |  19810 |   1316 |   7541 |   8745 |  15 | 1408.4 |
        Temple |    110 |     98 |     12 |      0 |     87 |   1 |  110.0 |
          Lair |   9614 |   9324 |    290 |   3922 |   3704 |   5 | 1922.8 |
         Swamp |    864 |    864 |      0 |    483 |    189 |   1 |  864.0 |
  Orcish Mines |   1914 |   1862 |     52 |    431 |   1029 |   2 |  957.0 |
               +--------+--------+--------+--------+--------+-----+--------+

Top non-repeatable levels by time:
  Lair:3: 4094 daAuts
     D:5: 2189 daAuts
  Lair:5: 1914 daAuts
     D:3: 1828 daAuts
    D:15: 1739 daAuts
     D:9: 1732 daAuts
    D:13: 1636 daAuts
    D:12: 1593 daAuts
     D:8: 1451 daAuts
     D:7: 1322 daAuts
    D:14: 1315 daAuts
    D:10: 1311 daAuts
  Lair:4: 1289 daAuts
     D:1: 1282 daAuts
   Orc:2: 1223 daAuts
